 Dungeon Crawl Stone Soup version 0.30-a0-1074-g5db6f66fbb (webtiles) character file.

Game seed: 8880767662399708213

166 Arzdou the Cudgeller (level 5, -4/33 HPs)
             Began as a Gargoyle Fighter on Apr 13, 2023.
             Killed from afar by Natasha (12 damage)
             ... with a bolt of light
             ... on level 2 of the Dungeon.
             The game lasted 00:02:38 (1941 turns).

Arzdou the Cudgeller (Gargoyle Fighter)             Turns: 1941, Time: 00:02:38

Health: -4/33      AC: 12    Str: 19    XL:     5   Next: 47%
Magic:  5/5        EV:  9    Int: 11    God:
Gold:   103        SH:  4    Dex:  9    Spells: 4/4 levels left

rFire   . . .      SeeInvis .    a - +0 flail
rCold   . . .      Faith    .    c - +0 buckler
rNeg    + . .      Spirit   .    b - +0 scale mail
rPois   ∞          Reflect  .    (no helmet)
rElec   +          Rampage  .    (no cloak)
rCorr   .                        j - +0 pair of gloves
Will    .....                    (no boots) Stlth
                                 (no amulet)
HPRegen 0.25/turn                (no ring)
MPRegen 0.09/turn                (no ring)

@: no status effects
A: sickness immunity, AC +4, negative energy resistance 1, electricity
resistance, torment resistance 1, petrification resistance
a: no special abilities


You were on level 2 of the Dungeon.
You visited 1 branch of the dungeon, and saw 2 of its levels.

You collected 103 gold pieces.

Inventory:

Hand Weapons
 a - a +0 flail (weapon)
Armour
 b - a +0 scale mail (worn)
 c - a +0 buckler (worn)
 j - a +0 pair of gloves (worn)
Jewellery
 o - a ring of magical power
Scrolls
 e - a scroll of immolation {unknown}
 f - 2 scrolls of identify {unknown}
 g - a scroll of torment {unknown}
 i - a scroll of enchant weapon {unknown}
 k - a scroll of fog {unknown}
 p - 2 scrolls of fear {unknown}
 q - a scroll of noise {unknown}
Potions
 d - a potion of might
 h - a potion of magic {unknown}
 m - 2 potions of curing {unknown}
 n - 2 potions of degeneration {unknown}


   Skills:
 + Level 3.8 Fighting
 + Level 4.2 Maces & Flails
 + Level 4.0 Armour
 + Level 0.7 Dodging
 + Level 0.2 Stealth
 + Level 3.7 Shields


You had 4 spell levels left.
You didn't know any spells.
Your spell library was empty.

Dungeon Overview and Level Annotations

Branches:
Dungeon (2/15)

Altars:

Shops:
D:2 (

Annotations:
D:2 Natasha


Innate Abilities, Weirdness & Mutations

You are immune to sickness and miasma.
Your stone body is resilient. (AC +4)
You are immune to poison.
You resist negative energy. (rN+)
You are resistant to electric shocks. (rElec)
You are resistant to unholy torment.
You are immune to petrification.


Message History

Natasha casts a spell.
Natasha attacks as you move away! Natasha misses you.
You feel less confused.
Natasha growls.
Natasha stares at you and mumbles some strange words.
The magic dart hits you but does no damage.
Natasha casts a spell.
The cerulean imp attacks as you move away!
You block the cerulean imp's attack.
The cerulean imp hits you but does no damage.
The cerulean imp closely misses you.
Natasha casts a spell.
The cerulean imp barely misses you.
You closely miss the cerulean imp. You block the cerulean imp's attack.
The cerulean imp hits you but does no damage.
You hit the cerulean imp.
The cerulean imp is lightly wounded.
The cerulean imp barely misses you.
The cerulean imp hits you but does no damage. x2
You hit the cerulean imp but do no damage.
The cerulean imp is lightly wounded.
You block the cerulean imp's attack.
The cerulean imp hits you but does no damage.
You barely miss the cerulean imp.
The cerulean imp is lightly wounded.
Natasha wildly gestures.
You feel disoriented.
The cerulean imp hits you but does no damage. x2
The cerulean imp hits you but does no damage.
The cerulean imp hits you but does no damage.
The cerulean imp barely misses you.
The cerulean imp hits you from afar with a +0 spear.
The cerulean imp hits you but does no damage.
The cerulean imp disappears in a puff of smoke!
Natasha zaps a wand.
The bolt of light hits you!!
Ouch! That really hurt!
* * * LOW HITPOINT WARNING * * *
Unknown command.
Natasha zaps a wand.
The bolt of light hits you!
You die...

.....###########.#.#
##..8######<
.##..............#.#
#..#<#### #.
..#.......########.#
#.8.∩.8.###. ..†.......####
#.# ####........
..#..........# #.# #8#.####.
.##.......##.# #.# #...# #.
..#.......##.#####.########.#
#. #.#....................#
#.# #.
#.##.#.###.#....@#####.# #.#
## #.##.#.# #5#####.# #.# #.#
# #.##.#.# #5# #.# #.# #.# #
#.##.#.# #h# #.# #.####.# #
.....#.# #.# #h# #......# #
#.####.###.#####5# ######## #
#.........#5.h...# #
######...###5###.# #
#######.#.####.#


You could see Natasha and a cerulean imp (summoned).

Vanquished Creatures
  Jessica (D:2)
  Natasha (twice) (D:2)
  5 adders (D:2)
  4 bats
  3 endoplasms
  A giant cockroach (D:1)
  5 goblins
  3 hobgoblins
  10 ball pythons
  5 frilled lizards
  5 kobolds
  11 rats
55 creatures vanquished.

Notes
Turn   | Place    | Note
-------+----------+-------------------------------------------
     0 | D:1      | Arzdou the Gargoyle Fighter began the quest for the Orb.
     0 | D:1      | Reached XP level 1. HP: 14/14 MP: 1/1
   245 | D:1      | Reached XP level 2. HP: 19/19 MP: 2/2
   746 | D:1      | Reached XP level 3. HP: 23/23 MP: 3/3
   984 | D:2      | Noticed Jessica
   987 | D:2      | Killed Jessica
  1031 | D:2      | Reached XP level 4. HP: 27/29 MP: 4/4
  1037 | D:2      | Found a faded altar of an unknown god.
  1173 | D:2      | Found Gecaa's Antique Weapon Shop.
  1368 | D:2      | Noticed Natasha
  1376 | D:2      | Killed Natasha
  1377 | D:2      | Reached XP level 5. HP: 23/33 MP: 5/5
  1564 | D:2      | Noticed Natasha
  1588 | D:2      | Killed Natasha
  1912 | D:2      | Noticed Natasha
  1941 | D:2      | Killed from afar by Natasha

Illustrated notes

Levels and vault maps discovered:
D:1:      lightli_arrival_quake, layout_basic
D:2:      layout_loops_ring, serial_shops, nicolae_shop_statue_plus,
          nicolae_ecumenical_snake_handling, uniq_jessica, uniq_natasha

Skill      XL: |  1  2  3  4  5 |
---------------+----------------+-----
Maces & Flails | 3 4 |  4.2
Armour         | 4 |  4.0
Fighting       | |  3.8
Dodging        | |  0.7
Stealth        | |  0.2
Shields        | |  3.7

Action                     |  1- 3 |  4- 6 || total
---------------------------+-------+-------++-------
  Melee: Flail             |    98 |   104 ||   202
    Use: Potion            |       |     1 ||     1
 Armour: Scale mail        |    68 |    70 ||   138
  Dodge: Dodged            |    52 |    64 ||   116
  Block: Buckler           |    23 |    25 ||    48

Table legend: (Time is in decaauts)
 A = Elapsed time spent in this place.
 B = Non-inter-level travel time spent in this place.
 C = Inter-level travel time spent in this place.
 D = Time resting spent in this place.
 E = Time spent auto-exploring this place.
 F = Levels seen in this place.
 G = Mean time per level.
                   A        B        C        D        E       F      G
               +--------+--------+--------+--------+--------+-----+--------+
         Total |   2011 |   1814 |    197 |      0 |   1329 |   2 | 1005.5 |
       Dungeon |   2011 |   1814 |    197 |      0 |   1329 |   2 | 1005.5 |
               +--------+--------+--------+--------+--------+-----+--------+

Top non-repeatable levels by time:
     D:1: 1014 daAuts
     D:2: 996 daAuts
